Map: Whispers of Gold

Players

HectorXmaX

  • Race: Protoss Protoss
  • Spawn Location: 9:00

wootwoot - Winner!

  • Race: Zerg Zerg
  • League: Gold
  • Spawn Location: 5:00

VOD

Have the link to the VOD?

Description

Time

  • Played on: April 21, 2025, 12:09 p.m.
  • Length: 2:28
Show
View Real Time Build Order
Export as new Build Order

HectorXmaX Protoss 

Build Orders:  

Get SALT Encoding   

  12  0:09  Pylon  
  12  0:15  Probe  
  13  0:29  Gateway  
  13  0:32  Probe  
  14  0:40  Assimilator  
  14  0:50  Probe  
  14  0:55  Assimilator  
  15  1:02  Probe  
  16  1:14  Probe  
  17  1:22  Cybernetics Core  
  17  1:24  Probe  
  17  1:32  Probe  
  19  1:40  Pylon, Probe  
  20  1:51  Gateway  
  20  1:52  Probe  
  21  2:05  Probe  
Show
View Real Time Build Order
Export as new Build Order

wootwoot Zerg - Winner!

Build Orders: Pool Only 

Get SALT Encoding   

  12  0:18  Spawning Pool  
  11  0:23  Drone  
  11  0:27  Drone  
  13  0:31  Drone  
  14  0:40  Overlord  
  14  1:05  Zergling x4  
  14  1:06  Zergling x2  
  17  1:17  Zergling x2  
  18  1:28  Zergling x2  
  19  1:39  Zergling x2  
  20  1:50  Zergling x2  
  21  2:05  Zergling x2  
Tags
 
League
Gold
Matchup
PvZ
Opening
Pool Only
Replay Pack
#1B2M-Replays
Spawn Locations
Cross Positions
Add a new tag
Caveats
  • Supply blocks, unpowered buildings, or Contaminate may cause inaccurate times.
  • Supply counts are checked every 10 seconds.